[Event "Titled Tuesday Blitz July 18 Late 2023"]
[White "Van Foreest, Jorden"]
[Black "Rostomyan, Mikayel"]
[WhiteFideId "1039784"]
[BlackFideId "13313754"]
[WhiteElo "2950"]
[BlackElo "2617"]
[Result "1-0"]
[Round "3"]
[TimeControl "180+2"]
[Date "2023.07.18"]
[WhiteClock "0:01:38"]
[BlackClock "0:01:39"]
[Board "17"]

1. c4 e5 2. g3 Nc6 3. Bg2 Bc5 4. e3 d6 5. Ne2 f5 6. Nbc3 Nf6 7. d4 Bb6 8. b4 a5 9. b5 Ne7 10. dxe5 dxe5 11. Qxd8+ Kxd8 12. Na4 Nd7 13. Ba3 c5 14. O-O-O Kc7 15. Nec3 e4 16. Nxb6 Kxb6 17. Na4+ Kc7 18. Nxc5 Ne5 19. Nxe4 fxe4 20. Bd6+ Kb6 21. Bxe5 Bf5 22. Bxg7 Rhc8 23. Bd4+ Kc7 24. Kb2 Kb8 25. c5 a4 26. Be5+ 1-0


[Site "https://www.chess.com"]

[Event "Titled Tuesday Blitz July 18 Late 2023"]
[White "Gaitan, Juan Manuel"]
[Black "Matlakov, Maxim"]
[WhiteFideId "121657"]
[BlackFideId "4168003"]
[WhiteElo "2616"]
[BlackElo "2949"]
[Result "0-1"]
[Round "3"]
[TimeControl "180+2"]
[Date "2023.07.18"]
[WhiteClock "0:00:13"]
[BlackClock "0:00:39"]
[Board "18"]

1. d4 d5 2. c4 e6 3. Nf3 c6 4. e3 Nd7 5. Qc2 Ngf6 6. Nc3 Bd6 7. Bd2 O-O 8. Be2 Qe7 9. O-O dxc4 10. Bxc4 e5 11. Ne4 Nxe4 12. Qxe4 Nf6 13. Qh4 e4 14. Ne5 Be6 15. Bc3 Bxc4 16. Nxc4 Bc7 17. Ne5 Qe6 18. Rfd1 Rfe8 19. h3 Rad8 20. Ng4 Nd5 21. Rac1 h6 22. a3 a6 23. Qh5 f5 24. Nh2 Qf7 25. Qxf7+ Kxf7 26. Nf1 g5 27. Nd2 h5 28. Nb3 Bd6 29. Ba5 Rd7 30. Nc5 Rde7 31. Be1 h4 32. Kf1 Kg6 33. Ke2 f4 34. b4 Rf7 35. Nb3 f3+ 36. gxf3 Rxf3 37. Na5 Re7 38. Nxc6 bxc6 39. Rxc6 Re6 40. Rxa6 Rxh3 41. Rc1 Rf3 42. Rcc6 Rff6 43. b5 h3 44. b6 h2 45. b7 h1=Q 46. Rxd6 Re8 47. Rxf6+ Nxf6 48. Ra8 Qh8 0-1


[Site "https://www.chess.com"]

[Event "Titled Tuesday Blitz July 18 Late 2023"]
[White "Terry, Renato"]
[Black "Karaoglan, Doruk"]
[WhiteFideId "3803457"]
[BlackFideId "6390927"]
[WhiteElo "2944"]
[BlackElo "2613"]
[Result "1-0"]
[Round "3"]
[TimeControl "180+2"]
[Date "2023.07.18"]
[WhiteClock "0:00:10"]
[BlackClock "0:00:00"]
[Board "19"]

1. d4 Nf6 2. Nf3 g6 3. Bg5 Bg7 4. c3 d5 5. Nbd2 O-O 6. e3 c5 7. dxc5 a5 8. a4 Nc6 9. Bb5 Qc7 10. O-O e5 11. c4 d4 12. exd4 Nxd4 13. Nxd4 exd4 14. Bxf6 Bxf6 15. Ne4 Bg7 16. Qf3 Be6 17. Rad1 Rad8 18. b3 Bf5 19. Nd6 Bc2 20. Rd2 d3 21. Nxb7 Rd4 22. Rc1 Bh6 23. Rcxc2 dxc2 24. Rxc2 Qxb7 25. c6 Qe7 26. g3 Qe1+ 27. Kg2 Rd1 28. Qe2 Qg1+ 29. Kh3 Re1 30. Qf3 Re5 31. g4 Qf1+ 32. Qg2 Qd3+ 33. f3 f5 34. g5 f4 35. Rd2 Qe3 36. Rd5 Bg7 37. c7 Rxd5 38. cxd5 Qe5 39. Qc2 Rc8 40. Bc4 Kh8 41. Kg4 Rxc7 42. Qd3 h5+ 43. Kh4 Qd6 44. Qd2 Re7 45. Qxa5 Bd4 46. Qa8+ Kh7 47. Qc6 Bf2+ 48. Kh3 Qe5 49. d6 Qf5+ 50. Kg2 Re8 51. Qxe8 Qxg5+ 52. Kxf2 1-0


[Site "https://www.chess.com"]

[Event "Titled Tuesday Blitz July 18 Late 2023"]
[White "Anton Guijarro, David"]
[Black "David, Bogdan-Emanuel"]
[WhiteFideId "2285525"]
[BlackFideId "1229907"]
[WhiteElo "2928"]
[BlackElo "2612"]
[Result "1-0"]
[Round "3"]
[TimeControl "180+2"]
[Date "2023.07.18"]
[WhiteClock "0:00:10"]
[BlackClock "0:00:03"]
[Board "20"]

1. d4 d6 2. e4 g6 3. Be3 Bg7 4. Qd2 Nc6 5. Nc3 e5 6. dxe5 Nxe5 7. Nf3 Nxf3+ 8. gxf3 a6 9. h4 Nf6 10. O-O-O Be6 11. Be2 Qd7 12. Kb1 O-O-O 13. Qd4 Qc6 14. Qa7 Kd7 15. Bg5 Ra8 16. Qe3 Ne8 17. Nd5 h6 18. Bf4 Nf6 19. Be5 Nh5 20. Bxg7 Nxg7 21. Qd4 Nh5 22. Nb4 Qb6 23. Qxb6 cxb6 24. e5 d5 25. Nxd5 Bxd5 26. Rxd5+ Ke6 27. Rd6+ Kxe5 28. Rxb6 Nf4 29. Re1 Nd5 30. Bc4+ Kd4 31. Bxd5 Kxd5 32. Rxb7 f5 33. Rd7+ Kc6 34. Rde7 Kc5 35. b3 Rad8 36. Rc7+ Kb6 37. Rg7 Rd6 38. Kb2 Rc8 39. Re2 Rdc6 40. a4 a5 41. f4 Ka6 42. Rf7 Rd6 43. h5 gxh5 44. Rxf5 Rd4 45. Rxh5 Rxf4 46. Rxh6+ Kb7 47. Rh5 Rcf8 48. Rxa5 Kb6 49. Rb5+ Kc6 50. Rbe5 Kc7 51. a5 Ra8 52. Rc5+ Kd6 53. Rb5 Kc6 54. Rh5 Kd6 55. c3 Rf3 56. b4 Kc6 57. Rc5+ Kd6 58. Rd2+ Ke6 59. Kb3 Rh8 60. a6 Rh1 61. a7 Rb1+ 62. Rb2 Ra1 63. Ra5 Rxa5 64. bxa5 Rf8 65. Kc4 Ra8 66. Rb7 Kd6 67. Kb5 Kd5 68. c4+ Kd6 69. c5+ 1-0


[Site "https://www.chess.com"]

[Event "Titled Tuesday Blitz July 18 Late 2023"]
[White "Leon Oquendo, Jorge"]
[Black "Durarbayli, Vasif"]
[WhiteFideId "3514803"]
[BlackFideId "13402935"]
[WhiteElo "2612"]
[BlackElo "2927"]
[Result "1/2-1/2"]
[Round "3"]
[TimeControl "180+2"]
[Date "2023.07.18"]
[WhiteClock "0:00:09"]
[BlackClock "0:00:31"]
[Board "21"]

1. d4 Nf6 2. c4 e6 3. Nc3 Bb4 4. e3 O-O 5. Bd3 d5 6. Nf3 c5 7. O-O cxd4 8. exd4 dxc4 9. Bxc4 b6 10. Bg5 Bb7 11. Ne5 h6 12. Bh4 Be7 13. Re1 Nc6 14. Ba6 Qc8 15. Qf3 Na5 16. Bxb7 Qxb7 17. Qxb7 Nxb7 18. Nc6 Bd6 19. Bxf6 gxf6 20. d5 Rfc8 21. Nb5 Kg7 22. Nbxa7 Re8 23. dxe6 Rxe6 24. Rxe6 fxe6 25. Nb5 Rc8 26. Ncd4 Kf7 27. Nxd6+ Nxd6 28. Rd1 e5 29. Nb3 Ke6 30. Rc1 Ra8 31. a3 b5 32. g3 Nc4 33. Rc2 Kd5 34. Kf1 f5 35. Ke2 e4 36. Nd2 Ne5 37. Nf1 Nf3 38. Ne3+ Kd6 39. Nxf5+ Ke6 40. Rc5 b4 41. axb4 Ra2 42. Ke3 Rxb2 43. Kxe4 Ng5+ 44. Ke3 Rb3+ 45. Ke2 Rb2+ 46. Ke3 Rb3+ 47. Kf4 Rxb4+ 48. Ke3 Rb3+ 49. Ke2 Rb2+ 50. Ke3 Rb3+ 51. Ke2 Rb2+ 52. Ke3 Rb3+ 1/2-1/2


[Site "https://www.chess.com"]

[Event "Titled Tuesday Blitz July 18 Late 2023"]
[White "HamedWafa4"]
[Black "Zhigalko, Sergei"]
[BlackFideId "13502956"]
[WhiteElo "2607"]
[BlackElo "2892"]
[Result "0-1"]
[Round "3"]
[TimeControl "180+2"]
[Date "2023.07.18"]
[WhiteClock "0:00:09"]
[BlackClock "0:01:21"]
[Board "22"]

1. e4 c5 2. Nf3 Nc6 3. Bb5 Nf6 4. Nc3 Qc7 5. O-O Nd4 6. Re1 a6 7. Bf1 Ng4 8. g3 Nxf3+ 9. Qxf3 Ne5 10. Qe2 e6 11. Bg2 d6 12. d3 Be7 13. Be3 O-O 14. d4 cxd4 15. Bxd4 b5 16. Rad1 Bb7 17. f4 Nc4 18. b3 Na3 19. Rd2 Rac8 20. Rc1 e5 21. fxe5 dxe5 22. Bf2 Qxc3 23. Rd7 Bg5 24. Rf1 Rc7 25. Rd6 Nxc2 26. Qg4 Be7 27. Rdd1 Ne3 0-1


[Site "https://www.chess.com"]

[Event "Titled Tuesday Blitz July 18 Late 2023"]
[White "Tang, Andrew"]
[Black "Piesik, Piotr"]
[WhiteFideId "2059630"]
[BlackFideId "1136194"]
[WhiteElo "2881"]
[BlackElo "2607"]
[Result "1-0"]
[Round "3"]
[TimeControl "180+2"]
[Date "2023.07.18"]
[WhiteClock "0:00:44"]
[BlackClock "0:00:16"]
[Board "23"]

1. d4 Nf6 2. c4 c5 3. d5 b5 4. cxb5 a6 5. e3 e6 6. Nc3 Bb7 7. e4 exd5 8. exd5 d6 9. a4 Be7 10. Nf3 O-O 11. Be2 axb5 12. Bxb5 Na6 13. O-O Nb4 14. Bc4 Nd7 15. Bf4 Nb6 16. Bb3 c4 17. Bc2 Nxc2 18. Qxc2 Nxd5 19. Nxd5 Bxd5 20. Nd4 g6 21. Rfd1 Bb7 22. Qxc4 Ra5 23. Nb5 d5 24. Qb3 Qd7 25. Qc3 Rfa8 26. b3 Bf8 27. Rac1 Qg4 28. Bg3 R5a6 29. h3 Qh5 30. Qd3 Rc6 31. Nc7 Rxc1 32. Rxc1 Rc8 33. a5 Bh6 34. Rc2 d4 35. a6 Ba8 36. Qxd4 Qa5 37. a7 Bg7 38. Qd7 Bb7 39. Qxc8+ 1-0


[Site "https://www.chess.com"]

[Event "Titled Tuesday Blitz July 18 Late 2023"]
[White "Tin, Jingyao"]
[Black "Voege, Tobias"]
[WhiteFideId "5804418"]
[BlackFideId "1270513"]
[WhiteElo "2867"]
[BlackElo "2607"]
[Result "1-0"]
[Round "3"]
[TimeControl "180+2"]
[Date "2023.07.18"]
[WhiteClock "0:00:03"]
[BlackClock "0:00:00"]
[Board "24"]

1. e4 c6 2. Nf3 d5 3. d3 Bg4 4. h3 Bh5 5. e5 e6 6. Be2 c5 7. O-O Nc6 8. Re1 Nge7 9. Nh4 Bxe2 10. Qxe2 Ng6 11. Nxg6 hxg6 12. c3 Qh4 13. Nd2 Be7 14. a4 Bd8 15. Nb3 c4 16. dxc4 Qxc4 17. Qd1 Bb6 18. a5 Bc7 19. Nd2 Qb5 20. Nf3 Bxa5 21. Bf4 Bb6 22. Rb1 Rd8 23. Ng5 Ne7 24. Be3 Bxe3 25. Rxe3 Nf5 26. Re1 a6 27. Qf3 Rh5 28. Qf4 Qc4 29. Qd2 Qh4 30. Nf3 Qc4 31. Ra1 Rh8 32. Red1 Nh4 33. Nd4 Qc7 34. Qf4 Nf5 35. Nf3 Qc4 36. Qd2 b5 37. Rxa6 b4 38. Ra4 Rb8 39. cxb4 Ke7 40. Rc1 Qb5 41. Ra7+ Rb7 42. Nd4 Nxd4 43. Qxd4 1-0


[Site "https://www.chess.com"]

[Event "Titled Tuesday Blitz July 18 Late 2023"]
[White "Moskalenko, Alexander"]
[Black "Belov, Alexei"]
[WhiteFideId "4155351"]
[BlackFideId "4128206"]
[WhiteElo "2865"]
[BlackElo "2603"]
[Result "1-0"]
[Round "3"]
[TimeControl "180+2"]
[Date "2023.07.18"]
[WhiteClock "0:02:11"]
[BlackClock "0:01:00"]
[Board "25"]

1. c3 d5 2. d4 e6 3. Bf4 Bd6 4. e3 Bxf4 5. exf4 Ne7 6. Nd2 b6 7. Ngf3 O-O 8. Bd3 Ba6 9. Bxh7+ Kxh7 10. Ng5+ Kh6 11. Qg4 Nf5 12. Ndf3 Nc6 13. Ne5 g6 14. Ngxf7+ 1-0


[Site "https://www.chess.com"]

[Event "Titled Tuesday Blitz July 18 Late 2023"]
[White "Medarde Santiago, Luis Marcos"]
[Black "Bartel, Mateusz"]
[WhiteFideId "2263076"]
[BlackFideId "1112635"]
[WhiteElo "2601"]
[BlackElo "2848"]
[Result "1/2-1/2"]
[Round "3"]
[TimeControl "180+2"]
[Date "2023.07.18"]
[WhiteClock "0:00:10"]
[BlackClock "0:00:07"]
[Board "26"]

1. e4 g6 2. d4 Bg7 3. Nc3 a6 4. f4 b5 5. Nf3 Bb7 6. Bd3 d6 7. O-O Nd7 8. a4 b4 9. Ne2 c5 10. c3 bxc3 11. bxc3 cxd4 12. cxd4 Ngf6 13. Ng5 h6 14. Nxf7 Kxf7 15. e5 Bd5 16. exf6 Nxf6 17. Qc2 Rf8 18. Bxg6+ Kg8 19. Bd3 Rc8 20. Qd1 Qb6 21. f5 Ne4 22. Rb1 Qc6 23. Be3 Nc3 24. Nxc3 Qxc3 25. Qe2 Bc4 26. Bxc4+ Qxc4 27. Qxc4+ Rxc4 28. Rfc1 Rxa4 29. Rb7 Re8 30. Rcc7 Bf6 31. g4 Kf7 32. Bxh6 Rxd4 33. h3 Rh8 34. g5 Rxh6 35. gxh6 Rh4 36. Kg2 Rxh6 37. Ra7 Rh5 38. Rxa6 Rg5+ 39. Kh1 Rxf5 40. Rxd6 Be5 41. Rd5 Ke6 42. Rcc5 Rf1+ 43. Kg2 Re1 44. h4 Bd6 45. Rb5 Re2+ 46. Kf3 Rh2 47. h5 Rh3+ 48. Kg2 Rg3+ 49. Kf2 Rh3 50. Rg5 Kf6 51. Rg6+ Kf7 52. Rf5+ Ke8 53. Rg8+ Kd7 54. Kg2 Rh2+ 55. Kf3 Rh3+ 56. Ke2 Rh2+ 57. Kf3 Rh3+ 58. Kg2 Rh2+ 59. Kg1 Rh3 60. Rg6 Rh4 61. h6 Bc7 62. Kg2 Bd6 63. Rf7 Ke8 64. Rfg7 Be5 65. Rg8+ Kf7 66. R8g7+ Bxg7 67. Rxg7+ Kf6 68. Rg3 Rxh6 69. Ra3 Rh5 70. Kf3 Rf5+ 71. Ke2 Re5+ 72. Kd2 Kf5 73. Ra4 e6 74. Ra8 Re4 75. Ra5+ Kf4 76. Ra8 e5 77. Rf8+ Kg5 78. Rf7 Rf4 79. Rg7+ Kf5 80. Rg8 Ke4 81. Ke2 Rh4 82. Ra8 Rh2+ 83. Ke1 Ke3 84. Ra3+ Kf4 85. Rb3 e4 86. Rb8 Kf3 87. Re8 Ke3 88. Kf1 Rf2+ 89. Kg1 Rf7 90. Kg2 Kd3 91. Ra8 Rc7 92. Ra3+ Rc3 93. Ra1 Rc2+ 94. Kg3 Ke2 95. Kg2 e3 96. Kg3 Rd2 97. Kg2 Rb2 98. Kg3 Kd3 99. Kf3 Rf2+ 100. Kg3 Rf7 101. Ra3+ Ke2 102. Ra2+ Kf1 103. Ra1+ Ke2 104. Ra2+ Kd1 105. Ra1+ Kc2 106. Ra2+ Kc3 107. Ra3+ Kd4 108. Ra4+ Kc5 109. Ra1 Re7 110. Kf3 Kd4 111. Ke2 Ke4 112. Ra4+ Kf5 113. Ra5+ Re5 114. Rxe5+ Kxe5 115. Kxe3 1/2-1/2


[Site "https://www.chess.com"]

[Event "Titled Tuesday Blitz July 18 Late 2023"]
[White "Gadimbayli, Abdulla"]
[Black "Krishnan, Varun"]
[WhiteFideId "13404938"]
[BlackFideId "5054508"]
[WhiteElo "2841"]
[BlackElo "2586"]
[Result "1-0"]
[Round "3"]
[TimeControl "180+2"]
[Date "2023.07.18"]
[WhiteClock "0:01:54"]
[BlackClock "0:00:09"]
[Board "27"]

1. e4 a6 2. d4 e6 3. Nc3 d5 4. a3 Nf6 5. exd5 exd5 6. Nf3 Be7 7. h3 O-O 8. Bd3 c5 9. dxc5 Bxc5 10. O-O h6 11. Bf4 Nc6 12. Qd2 d4 13. Bxh6 dxc3 14. Qg5 Ne8 15. Qh5 Nf6 16. Qg5 Ne8 17. Qh5 Nf6 18. Qh4 gxh6 19. Qxh6 Nd4 20. Rad1 Nxf3+ 21. gxf3 Qc7 22. Kh1 Bg4 23. Qg5+ Kh8 24. Qxf6+ Kg8 25. Qg5+ Kh8 26. Qh6+ Kg8 27. Qh7# 1-0


[Site "https://www.chess.com"]

[Event "Titled Tuesday Blitz July 18 Late 2023"]
[White "Gascon Del Nogal, Jose Rafael"]
[Black "Ozen, Bahadir"]
[WhiteFideId "3902463"]
[BlackFideId "6337058"]
[WhiteElo "2562"]
[BlackElo "2836"]
[Result "0-1"]
[Round "3"]
[TimeControl "180+2"]
[Date "2023.07.18"]
[WhiteClock "0:00:04"]
[BlackClock "0:00:26"]
[Board "28"]

1. d4 d6 2. e4 Nf6 3. Bd3 e5 4. c3 c6 5. Nf3 Nbd7 6. O-O Be7 7. a4 O-O 8. a5 Rb8 9. Nbd2 b5 10. axb6 axb6 11. Re1 Qc7 12. Nf1 Re8 13. Ng3 Bf8 14. Nf5 b5 15. b4 Nb6 16. Ng3 h6 17. Nd2 Bg4 18. f3 Be6 19. Bb2 Na4 20. Qc2 Nxb2 21. Qxb2 Qb6 22. Kh1 Ra8 23. Bc2 g6 24. Bb3 Bd7 25. Rxa8 Rxa8 26. Ra1 Ra7 27. Ne2 h5 28. Ra2 Bh6 29. Nf1 h4 30. Qa1 Rxa2 31. Qxa2 Be8 32. g3 h3 33. Qa5 Qb8 34. Kg1 Bd7 35. Qa2 Be8 36. Qa5 Kg7 37. Kf2 Bg5 38. Ng1 Bd7 39. Qa2 Qb6 40. Ne2 Be8 41. Ne3 exd4 42. cxd4 c5 43. bxc5 dxc5 44. f4 cxd4 45. Nd5 Nxd5 46. Bxd5 d3+ 47. Ke1 Bf6 0-1


[Site "https://www.chess.com"]

[Event "Titled Tuesday Blitz July 18 Late 2023"]
[White "Zelbel, Patrick"]
[Black "Musovic, Armin"]
[WhiteFideId "24624322"]
[BlackFideId "939935"]
[WhiteElo "2832"]
[BlackElo "2549"]
[Result "0-1"]
[Round "3"]
[TimeControl "180+2"]
[Date "2023.07.18"]
[WhiteClock "0:00:13"]
[BlackClock "0:00:33"]
[Board "29"]

1. e4 c6 2. Nf3 d5 3. d3 dxe4 4. dxe4 Qxd1+ 5. Kxd1 g6 6. a4 a5 7. Be3 Bg7 8. c3 Nd7 9. Kc2 Ngf6 10. Nbd2 Ng4 11. Bf4 Nxf2 12. Rg1 Ng4 13. h3 e5 14. Bg3 Ne3+ 15. Kd3 Nxf1 16. Rgxf1 f6 17. Nc4 Ke7 18. Bf2 Rd8 19. Kc2 c5 20. Rad1 b6 21. Nxb6 Ba6 22. Rxd7+ Rxd7 23. Bxc5+ Ke8 24. Re1 Bd3+ 25. Kc1 Bh6+ 26. Be3 Bxe3+ 27. Rxe3 Rad8 28. Nxd7 Rxd7 29. Ne1 Ba6 30. b3 Ke7 31. c4 Ke6 32. Rd3 Rc7 33. Kd2 f5 34. Ke3 Bb7 35. exf5+ gxf5 36. Rd8 f4+ 37. Ke2 Rg7 38. Kf2 e4 39. Rf8 Ke5 40. c5 Bd5 41. Rd8 e3+ 42. Ke2 Bxb3 43. Nd3+ Ke4 44. Re8+ Kd4 45. Nxf4 Bc4+ 46. Kf3 e2 47. Nxe2+ Kxc5 48. Nf4 Rb7 49. Re5+ Kd4 50. Re4+ Kc5 51. g4 Rb3+ 52. Kg2 Ra3 53. h4 Rxa4 54. g5 Ra2+ 55. Kg3 a4 56. h5 Ra1 57. g6 hxg6 58. hxg6 Rg1+ 59. Ng2 a3 60. g7 Bd5 61. Re5 Rxg2+ 62. Kf4 Rxg7 63. Kf5 Rf7+ 64. Kg5 Rf2 65. Re3 a2 66. Ra3 Rb2 67. Ra7 Rb1 68. Kg4 a1=Q 69. Ra3 Qxa3 70. Kf5 Qf3+ 71. Ke5 Re1# 0-1


[Site "https://www.chess.com"]

[Event "Titled Tuesday Blitz July 18 Late 2023"]
[White "Perez Ponsa, Federico"]
[Black "Bagrationi, Alexander"]
[WhiteFideId "117927"]
[BlackFideId "14104954"]
[WhiteElo "2829"]
[BlackElo "2540"]
[Result "1/2-1/2"]
[Round "3"]
[TimeControl "180+2"]
[Date "2023.07.18"]
[WhiteClock "0:00:13"]
[BlackClock "0:00:55"]
[Board "30"]

1. e4 c5 2. Nf3 Nc6 3. d4 cxd4 4. Nxd4 g6 5. c4 Bg7 6. Be3 Nf6 7. Nc3 Ng4 8. Qxg4 Nxd4 9. Qd1 Ne6 10. Rc1 Qa5 11. Be2 b6 12. O-O Bb7 13. f3 g5 14. a3 Be5 15. Nd5 Bf4 16. Nxf4 gxf4 17. Bf2 Rc8 18. Kh1 Rg8 19. Re1 Qg5 20. Bf1 d6 21. Qa4+ Bc6 22. Qxa7 Rc7 23. Qb8+ Kd7 24. Qxb6 Rb7 25. Qa6 Rxb2 26. c5 Rxf2 27. cxd6 Rxf1+ 28. Qxf1 exd6 29. Qf2 Nc5 30. e5 Ra8 31. Rxc5 dxc5 32. Qxc5 Qg6 33. Rd1+ Ke8 34. h3 Rd8 35. Rxd8+ Kxd8 36. Qd4+ Kc7 37. Qxf4 Qe6 38. Kh2 h6 39. h4 Kd7 40. g4 Ke7 41. Kg3 Kf8 42. h5 Kg7 43. g5 hxg5 44. Qxg5+ Kh7 45. Qf4 Kg7 46. Qg5+ Kh7 47. Qf4 Kg7 48. a4 Bxa4 49. Qxa4 Qxe5+ 50. Kg4 Qe6+ 51. Kh4 Qf6+ 52. Kg3 Qe5+ 53. Qf4 Qxh5 54. Qg4+ Qxg4+ 55. Kxg4 Kg6 56. Kf4 Kf6 57. Kg4 Kg6 58. Kf4 Kf6 59. Kg4 Kg6 1/2-1/2


[Site "https://www.chess.com"]

[Event "Titled Tuesday Blitz July 18 Late 2023"]
[White "Garakov, Mikhael"]
[Black "Karacsonyi, Gellert"]
[WhiteFideId "4169034"]
[BlackFideId "764620"]
[WhiteElo "2531"]
[BlackElo "2818"]
[Result "0-1"]
[Round "3"]
[TimeControl "180+2"]
[Date "2023.07.18"]
[WhiteClock "0:00:18"]
[BlackClock "0:00:20"]
[Board "31"]

1. e4 c5 2. Nf3 Nc6 3. Bb5 g6 4. O-O Bg7 5. Nc3 e5 6. d3 Nge7 7. Nd5 O-O 8. Bg5 f6 9. Be3 d6 10. Nd2 g5 11. Bc4 Kh8 12. a4 Nxd5 13. Bxd5 Ne7 14. Bc4 Ng6 15. c3 Bd7 16. b4 Qc8 17. Rb1 b6 18. bxc5 dxc5 19. Bd5 Rb8 20. Nc4 Bg4 21. f3 Be6 22. Qb3 Bxd5 23. exd5 g4 24. Nd6 Qd7 25. Ne4 f5 26. Ng5 Bh6 27. Rbe1 f4 28. Ne6 fxe3 29. Nxf8 Rxf8 30. fxg4 Rxf1+ 31. Rxf1 e2 32. Re1 Be3+ 33. Kh1 Qxg4 34. Qc4 Bf4 35. Qe4 Qh4 36. g3 Bxg3 37. Rxe2 Bf4 38. d4 Qh3 39. Kg1 Nh4 40. d6 Nf3+ 41. Kf2 Qxh2+ 42. Kxf3 Qg3# 0-1


[Site "https://www.chess.com"]

[Event "Titled Tuesday Blitz July 18 Late 2023"]
[White "Skvortsov, Andrei"]
[Black "Droin, Augustin"]
[WhiteFideId "24108600"]
[BlackFideId "45105987"]
[WhiteElo "2806"]
[BlackElo "2528"]
[Result "1-0"]
[Round "3"]
[TimeControl "180+2"]
[Date "2023.07.18"]
[WhiteClock "0:00:24"]
[BlackClock "0:00:10"]
[Board "32"]

1. e4 c5 2. d4 cxd4 3. Qxd4 Nc6 4. Qd3 Nf6 5. Nc3 e6 6. Bf4 e5 7. Bg5 Be7 8. O-O-O O-O 9. Bxf6 Bxf6 10. Nd5 d6 11. g3 Be6 12. h4 Rc8 13. c3 Qa5 14. Kb1 Bxd5 15. Qxd5 Qxd5 16. Rxd5 Rfd8 17. Bh3 Rc7 18. Ne2 Be7 19. Rhd1 g6 20. Nc1 Bf8 21. Nd3 Re8 22. Ne1 Nb8 23. Nc2 Na6 24. f3 Nc5 25. Ne3 Ne6 26. Bf1 Rc5 27. R5d3 Kg7 28. Nd5 a5 29. b4 axb4 30. cxb4 Rcc8 31. Bh3 Red8 32. Rc1 Rxc1+ 33. Kxc1 Nd4 34. Kb2 f5 35. Rc3 Rd7 36. Ne3 Rf7 37. exf5 gxf5 38. Nd5 Be7 39. a4 f4 40. gxf4 Bxh4 41. fxe5 dxe5 42. Bg4 Kg6 43. b5 h5 44. Bc8 Bd8 45. b6 Nxf3 46. Be6 Rf8 47. a5 Nd4 48. Bc8 Nb5 49. Rg3+ Kh6 50. Bxb7 h4 51. Rg2 Nd4 52. a6 Nb5 53. a7 Bxb6 54. a8=Q Rxa8 55. Bxa8 Bd4+ 56. Kc2 Nd6 57. Nf6 Nf5 58. Kd3 Ne3 59. Ng4+ Nxg4 60. Rxg4 Kh5 61. Bf3 1-0


[Site "https://www.chess.com"]

[Event "Titled Tuesday Blitz July 18 Late 2023"]
[White "Poltorak, Sebastian"]
[Black "Tristan, Leonardo"]
[WhiteFideId "1199498"]
[BlackFideId "113816"]
[WhiteElo "2524"]
[BlackElo "2791"]
[Result "0-1"]
[Round "3"]
[TimeControl "180+2"]
[Date "2023.07.18"]
[WhiteClock "0:00:04"]
[BlackClock "0:00:39"]
[Board "33"]

1. e4 d5 2. d3 Nf6 3. Nd2 e6 4. Ne2 c5 5. g3 Nc6 6. Bg2 Be7 7. O-O b6 8. f4 Bb7 9. c3 dxe4 10. Nxe4 O-O 11. Qc2 Rc8 12. h3 Rc7 13. Be3 Rd7 14. Rad1 Qa8 15. Kh2 Rfd8 16. Rd2 Na5 17. Rfd1 Nxe4 18. dxe4 Rxd2 19. Rxd2 Rxd2 20. Bxd2 Nc4 21. Bc1 Nd6 22. g4 Bxe4 23. Bxe4 Nxe4 24. Ng3 Nxg3 25. Kxg3 Qd5 26. a3 Bd6 27. h4 e5 28. Qe2 c4 29. fxe5 Bxe5+ 30. Bf4 Qd3+ 31. Qxd3 cxd3 0-1


[Site "https://www.chess.com"]

[Event "Titled Tuesday Blitz July 18 Late 2023"]
[White "Elsa167"]
[Black "Haszon, David"]
[BlackFideId "733610"]
[WhiteElo "2790"]
[BlackElo "2521"]
[Result "1-0"]
[Round "3"]
[TimeControl "180+2"]
[Date "2023.07.18"]
[WhiteClock "0:01:09"]
[BlackClock "0:00:53"]
[Board "34"]

1. d4 Nf6 2. c4 e6 3. Nf3 d5 4. Nc3 Be7 5. g3 O-O 6. Bg2 c6 7. O-O Nbd7 8. Qd3 a6 9. e4 dxc4 10. Qxc4 Qa5 11. Bg5 h6 12. Bf4 c5 13. e5 Nh5 14. Bd2 cxd4 15. Qxd4 f5 16. Ne4 Qb6 17. Qxb6 Nxb6 18. Nd6 Rd8 19. Ba5 Bxd6 20. Bxb6 1-0


[Site "https://www.chess.com"]

[Event "Titled Tuesday Blitz July 18 Late 2023"]
[White "Diano, Eden"]
[Black "Kadric, Denis"]
[WhiteFideId "5203708"]
[BlackFideId "14403803"]
[WhiteElo "2502"]
[BlackElo "2789"]
[Result "1-0"]
[Round "3"]
[TimeControl "180+2"]
[Date "2023.07.18"]
[WhiteClock "0:00:06"]
[BlackClock "0:00:00"]
[Board "35"]

1. d4 d6 2. c4 e5 3. d5 a5 4. e4 Na6 5. Be3 g6 6. Nc3 Bh6 7. Bxh6 Nxh6 8. Qd2 Ng4 9. f3 Nf6 10. Nge2 Nc5 11. Nc1 O-O 12. Nd3 Nfd7 13. b3 f5 14. Qh6 fxe4 15. fxe4 Nxd3+ 16. Bxd3 Nc5 17. Be2 Bd7 18. Kd2 Rf2 19. Rhg1 Qe7 20. Raf1 Raf8 21. g3 Bg4 22. Ke3 Rxf1 23. Rxf1 Rxf1 24. Bxf1 Qf6 25. Bg2 Bd7 26. h4 Na6 27. Qg5 Qf8 28. h5 Kg7 29. hxg6 hxg6 30. Bf3 Nb4 31. Bh5 Be8 32. Nb5 Qf1 33. Qe7+ Kh6 34. Be2 Qc1+ 35. Kf2 Nc2 36. Qxe8 Qe3+ 37. Kf1 Qc1+ 38. Kg2 1-0


[Site "https://www.chess.com"]

[Event "Titled Tuesday Blitz July 18 Late 2023"]
[White "Wu, Sibo"]
[Black "Oganian, Miran"]
[WhiteFideId "8606048"]
[BlackFideId "4122488"]
[WhiteElo "2422"]
[BlackElo "2783"]
[Result "1-0"]
[Round "3"]
[TimeControl "180+2"]
[Date "2023.07.18"]
[WhiteClock "0:00:34"]
[BlackClock "0:00:18"]
[Board "36"]

1. d4 d5 2. Nf3 e6 3. Bf4 Nf6 4. e3 g6 5. Nbd2 Bg7 6. c3 O-O 7. Bd3 b6 8. Ne5 Bb7 9. h4 Ne4 10. h5 g5 11. h6 Bxe5 12. Bxe5 Nd7 13. Bg7 Re8 14. f3 Nxd2 15. Qxd2 Qe7 16. Qc2 f5 17. g4 c5 18. O-O-O c4 19. Bf1 Qf7 20. f4 e5 21. fxe5 f4 22. exf4 Qxf4+ 23. Kb1 Nf8 24. Bg2 Ne6 25. Rdf1 Qxg4 26. Rhg1 Qh4 27. Qf5 Re7 28. Rh1 Nxd4 29. cxd4 Qxd4 30. Qf8+ Rxf8 31. Rxf8# 1-0


[Site "https://www.chess.com"]

[Event "Titled Tuesday Blitz July 18 Late 2023"]
[White "Morefield, Jason"]
[Black "Garcia Cuenca, Victor"]
[WhiteFideId "30920825"]
[BlackFideId "2250829"]
[WhiteElo "2766"]
[BlackElo "2411"]
[Result "1-0"]
[Round "3"]
[TimeControl "180+2"]
[Date "2023.07.18"]
[WhiteClock "0:00:21"]
[BlackClock "0:00:00"]
[Board "37"]

1. e4 e6 2. d4 c5 3. d5 exd5 4. exd5 d6 5. Nf3 Be7 6. Bd3 Nf6 7. c4 O-O 8. h3 Re8 9. O-O h6 10. Nc3 Bf8 11. Bf4 Nbd7 12. Qd2 a6 13. Rae1 Rxe1 14. Rxe1 Rb8 15. Bf1 Qa5 16. a4 Qc7 17. Bd3 b6 18. g4 Nh7 19. Bxh7+ Kxh7 20. Re8 Bb7 21. Qd3+ Kg8 22. Qe3 Rxe8 23. Qxe8 Nf6 24. Qe3 Qd7 25. Bg3 g6 26. Nd2 Bg7 27. b3 b5 28. axb5 axb5 29. Nde4 Nxe4 30. Nxe4 bxc4 31. bxc4 Ba6 32. Nxd6 Qa4 33. Qe7 Qa1+ 34. Kg2 Qf6 35. Qxf6 Bxf6 36. Ne4 Bd8 37. Nxc5 Bxc4 38. d6 Kf8 39. Kf3 Ke8 40. Ke4 Bb6 41. Nd3 Ba6 42. Ne5 Bb7+ 43. Kd3 g5 44. Kc4 Ba6+ 45. Kb4 Bb7 46. Kb5 Ba7 47. d7+ Ke7 48. Nc6+ Bxc6+ 49. Kxc6 Kd8 50. Bc7+ 1-0


[Site "https://www.chess.com"]

[Event "Titled Tuesday Blitz July 18 Late 2023"]
[White "Priasmoro, Novendra"]
[Black "Adireddy Arjun"]
[WhiteFideId "7105029"]
[BlackFideId "25647709"]
[WhiteElo "2765"]
[BlackElo "2360"]
[Result "1-0"]
[Round "3"]
[TimeControl "180+2"]
[Date "2023.07.18"]
[WhiteClock "0:00:13"]
[BlackClock "0:00:00"]
[Board "38"]

1. e4 c6 2. d4 d5 3. e5 c5 4. dxc5 e6 5. a3 Bxc5 6. b4 Bb6 7. Qg4 Kf8 8. Nf3 Ne7 9. Bd3 a5 10. Bb2 axb4 11. axb4 Rxa1 12. Bxa1 Nbc6 13. O-O g6 14. Qf4 Kg7 15. Qf6+ Kg8 16. b5 Nb4 17. Ng5 Qf8 18. Bc3 Nxd3 19. cxd3 Nf5 20. Bb4 Qg7 21. Qxg7+ Kxg7 22. Nf3 h5 23. Nc3 Bd7 24. Na4 Bd8 25. Nc3 Bb6 26. Rb1 Ra8 27. Kf1 d4 28. Ne4 Bxb5 29. Ke2 Ra2+ 30. Bd2 Bxd3+ 31. Kxd3 Ra6 32. h3 Ra3+ 33. Ke2 d3+ 34. Ke1 Bd4 35. g4 hxg4 36. hxg4 Nh6 37. Nxd4 Nxg4 38. f4 Ra4 39. Bb4 Ne3 40. Nc3 Ra8 41. Kd2 Nc4+ 42. Kxd3 Nb6 43. Bd6 Nc8 44. Rxb7 Nxd6 45. exd6 Rd8 46. Ncb5 Kf6 47. Ke4 g5 48. fxg5+ Kxg5 49. Rxf7 Kg6 50. Rf2 e5 51. Kxe5 Re8+ 52. Ne6 Kh6 53. d7 Ra8 54. Nd6 Rb8 55. Kf6 1-0


[Site "https://www.chess.com"]